 Dungeon Crawl Stone Soup version 0.20.1-1-g8b1a95d (webtiles) character file.

49181 robertstho the Severer (level 14, -6/133 HPs)
             Began as a Minotaur Berserker on Nov 2, 2017.
             Was a High Priest of Trog.
             Killed from afar by a wretched star (20 damage)
             ... with an orb of energy
             ... on level 2 of the Abyss.
             The game lasted 01:13:56 (13767 turns).

robertstho the Severer (Minotaur Berserker)        Turns: 13767, Time: 01:13:56

Health: -6/133     AC: 24    Str: 20    XL:     14   Next: 15%
Magic:  13/13      EV:  5    Int:  3    God:    Trog [*****.]
Gold:   545        SH:  0    Dex: 14    Spells: 13/13 levels left

rFire    + + .     SeeInvis .   K - +1 battleaxe
rCold    + . .     Gourm    .   (shield currently unavailable)
rNeg     + + .     Faith    .   i - +0 crystal plate armour
rPois    +         Spirit   .   (helmet restricted)
rElec    .         Reflect  .   O - scarf {rC+ rF+}
rCorr    .         Harm     .   (no gloves)
MR       +++..                  r - +0 pair of boots
Stlth    ..........             I - amulet of regeneration
Regen    1.0/turn               k - +2 ring of dexterity
MPRegen  0.2/turn               E - ring "Cadug" {+Fly rPois rF+ rN++ Int-2}

@: about to teleport, berserk cooldown, very slightly contaminated,
regenerating, slowed, very slow
A: retaliatory headbutt, horns 2, inhibited regeneration, [weak 2]
a: Berserk, Trog's Hand, Brothers in Arms, Burn Spellbooks, Renounce Religion,
Evoke Flight


You were on level 2 of the Abyss.
You worshipped Trog.
Trog was extremely pleased with you.
You were not hungry.

You visited 1 branch of the dungeon, and saw 15 of its levels.
You visited the Abyss 1 time.

You collected 1049 gold pieces.
You spent 504 gold pieces at shops.

Inventory:

Hand Weapons
 K - a +1 battleaxe (weapon)
 U - a +0 eveningstar of protection
 Y - a +2 quarterstaff of protection
Armour
 i - a +0 crystal plate armour (worn)
 r - a +0 pair of boots (worn)
 w - a +2 cloak
 O - a scarf of resistance (worn)
 P - a +0 large shield
Jewellery
 g - an uncursed ring of protection from cold
 k - a +2 ring of dexterity (left hand)
 E - the ring "Cadug" (right hand) {+Fly rPois rF+ rN++ Int-2}
   (You bought it in a shop on level 11 of the Dungeon)

   [ring of flight]

   It affects your intelligence (-2).
   It protects you from fire.
   It protects you from poison.
   It greatly protects you from negative energy.
   It lets you fly.
 I - an amulet of regeneration (around neck)
Wands
 h - a wand of lightning (9/15)
 m - a wand of paralysis (3/24)
 o - a wand of acid (10/15)
 v - a wand of iceblast (6/15)
 D - a wand of polymorph (9/24)
 Q - a wand of enslavement (9/24)
 T - a wand of iceblast (10/15)
 V - a wand of flame (32/48)
 W - a wand of polymorph (9/24)
 X - a wand of confusion (31/48)
Scrolls
 a - a scroll of random uselessness {unknown}
 f - a scroll of fog {unknown}
 j - a scroll of enchant armour {unknown}
 l - a scroll of fear
 n - 9 scrolls of teleportation
 t - 2 scrolls of magic mapping
 u - 2 scrolls of enchant weapon
 y - a scroll of immolation {unknown}
 z - a scroll of acquirement {unknown}
 C - 9 scrolls of remove curse
 G - a scroll of noise {unknown}
 J - a scroll of torment {unknown}
 L - 2 scrolls of recharging {unknown}
 M - 2 scrolls of blinking
Potions
 d - 2 potions of curing
 e - 2 potions of agility
 p - 2 potions of might
 q - a potion of resistance {unknown}
 s - 6 potions of invisibility
 x - 2 potions of flight {unknown}
 A - 4 potions of degeneration {unknown}
 F - a potion of berserk rage
 R - a potion of ambrosia
 S - a potion of haste
Comestibles
 b - 8 meat rations
 c - 12 bread rations
 B - 6 royal jellies
 H - 4 fruits


   Skills:
 * Level 14.6 Fighting
 * Level 19.8 Axes
 + Level 0.8(13.5) Maces & Flails
 * Level 14.0 Armour
 + Level 2.4 Dodging
 + Level 0.5 Stealth


You had 13 spell levels left.
You didn't know any spells.

Dungeon Overview and Level Annotations

Branches:
Dungeon (15/15)            Temple (0/1) D:6            Lair (0/6) D:11
    Orc (0/2) D:11         Vaults (0/5) D:14         Depths (0/5) D:15

Altars:
Ashenzari
Dithmenos
Elyvilon
Hepliaklqana
Okawaru
Qazlal
Sif Muna
Uskayaw
Xom
Yredelemnul
The Shining One

Shops:
D:5 [   D:6 *   D:8 *   D:11 =


Innate Abilities, Weirdness & Mutations

You reflexively headbutt those who attack you in melee.
You have a pair of horns on your head.
You do not regenerate when monsters are visible.
[You are very weak. (Str -4)]


Message History

You assume a fearsome visage.
The neqoxec is unaffected.
The small abomination is unaffected.
The wretched star is unaffected.
The large abomination is unaffected.
The ettin skeleton is unaffected.
It was a scroll of fear.
Blink to where?
Press: ? - help, Dir - move target cursor You are very lightly contaminated with residual magic.
As you read the scroll labeled WIPTIV SUNERASH, it crumbles to dust.
It was a scroll of blinking.
A raiju comes into view.
The wretched star pulses with an eldritch light!
You feel weaker. x2
The neqoxec gestures at you.
Something tries to feed on your intellect!
As you read the scroll of teleportation, it crumbles to dust.
You feel strangely unstable.
You feel the power of the Abyss delaying your translocation!
The wretched star glows turbulently.
The orb of energy hits you!
You die...

#. ....## # #....# ..##.
##..#.#####....
##.............. ## #.
.##.....#.....3####. ...
. .............#8#. .h#.
.#........*.......#....≈
.#..#..##§..........#
#....... .#.....@..#
..#... ......X.#8.##
#.....#...Z....####
#.....x ..#.#### #
.........##
........#....
...........### ≈#.....
..## .#.....§..


You could see a wretched star, a large abomination, a raiju, a neqoxec and an
ettin skeleton.

Vanquished Creatures
  A tentacled starspawn (Abyss:2)
  Louise (D:14)
  The ghost of HailEris the Bludgeoner, a journeyman TeFi of Makhleb (D:13)
  An ettin (D:15)
  Snorg (D:11)
  Josephine (D:10)
  The ghost of Yackwabbit the Blocker, a journeyman FoFi of Okawaru (D:9)
  A vault guard (D:14)
  2 hydras
  2 centaur warriors
  12 two-headed ogres
  A tengu warrior (D:13)
  Urug (D:11)
  A hell knight (D:15)
  A wizard (D:10)
  11 ugly things
  4 manticores
  The ghost of JohnSmith the Destroyer, a novice DEFE of Ashenzari (D:7)
  3 centaur skeletons
  2 yaktaurs (D:15)
  A yaktaur (shapeshifter) (D:13)
  4 trolls
  The ghost of JohnSmith the Conjurer, a novice DEFE (D:5)
  A wolf spider simulacrum (D:15)
  A hornet (D:7)
  A jumping spider (shapeshifter) (D:15)
  Prince Ribbit (D:8)
  A raiju (Abyss:2)
  12 slime creatures
  A meliai zombie (D:12)
  7 wraiths
  2 vampires
  A shadow (D:15)
  2 wyverns
  3 large abominations (Abyss:2)
  A ynoxinul (Abyss:2)
  16 yaks
  A chaos spawn (Abyss:2)
  Menkaure (D:7)
  A soldier ant (D:14)
  A water moccasin (D:9)
  6 orc warriors
  4 porcupines (D:11)
  2 ice beasts
  2 sky beasts
  8 ogres
  2 black bears
  2 necrophages
  3 phantoms
  8 centaurs
  7 crocodiles
  7 bullfrogs
  A gnoll sergeant (D:11)
  A small abomination (Abyss:2)
  9 scorpions
  10 killer bees (D:9)
  6 wights
  5 howler monkeys
  An electric eel (D:15)
  10 crimson imps
  A bullfrog zombie (D:12)
  3 centaur zombies
  A quasit (D:10)
  5 orc priests
  3 jellies
  4 bullfrog skeletons
  3 hounds
  10 orc wizards
  Ijyb (D:3)
  Jessica (D:3)
  3 iguanas (D:10)
  8 worker ants
  A hound zombie (D:8)
  A worker ant zombie (D:6)
  Robin (D:2)
  12 gnolls
  16 adders
  3 shadow imps
  2 oozes
  2 adder zombies
  2 worms
  13 dart slugs
  3 leopard geckos
  42 orcs
  5 giant cockroaches
  19 goblins
  11 hobgoblins
  8 jackals
  5 quokkas
  9 bats
  5 frilled lizards
  9 kobolds
  A leopard gecko skeleton (D:4)
  A quokka zombie (D:10)
  7 rats
  A plant (D:11)
425 creatures vanquished.

Vanquished Creatures (collateral kills)
  2 ogre magi
  6 two-headed ogres
  A deep elf knight (D:15)
  A cyclops (D:14)
  A centaur zombie (D:14)
  A gargoyle (D:10)
  A yaktaur (D:15)
  A troll (D:14)
  A wraith (D:14)
  An orc warrior (D:9)
16 creatures vanquished.

Vanquished Creatures (others)
  A bush (D:11)
  3 fungi (D:7)
  18 plants
  2 starspawn tentacles (Abyss:2)
24 creatures vanquished.

Grand Total: 465 creatures vanquished

Notes
Turn   | Place    | Note
-------+----------+-------------------------------------------
     0 | D:1      | robertstho the Minotaur Berserker began the quest for the Orb.
     0 | D:1      | Reached XP level 1. HP: 19/19 MP: 0/0
   147 | D:1      | Reached XP level 2. HP: 21/27 MP: 1/1
   395 | D:1      | Reached skill level 4 in Axes
   606 | D:1      | Reached XP level 3. HP: 31/33 MP: 2/2
   914 | D:2      | Reached ** piety under Trog
  1199 | D:2      | Noticed Robin
  1208 | D:2      | Killed Robin
  1208 | D:2      | Reached XP level 4. HP: 41/41 MP: 3/3
  1286 | D:2      | Reached skill level 5 in Axes
  1440 | D:3      | Noticed Ijyb
  1448 | D:3      | Paralysed by Ijyb for 6 turns
  1455 | D:3      | Killed Ijyb
  1527 | D:3      | Reached skill level 5 in Fighting
  1527 | D:3      | Reached XP level 5. HP: 43/48 MP: 4/4
  1557 | D:3      | Reached *** piety under Trog
  1647 | D:3      | Noticed Jessica
  1651 | D:3      | Killed Jessica
  1651 | D:3      | Reached skill level 6 in Axes
  1825 | D:3      | Found an iron altar of Okawaru.
  1826 | D:3      | Found a deep blue altar of Sif Muna.
  1885 | D:3      | Found a stormy altar of Qazlal.
  1915 | D:3      | Found a white marble altar of Elyvilon.
  1916 | D:3      | Found a hide-covered altar of Uskayaw.
  1916 | D:3      | Found a glowing golden altar of the Shining One.
  1919 | D:3      | Found a shadowy altar of Dithmenos.
  1949 | D:3      | Noticed an ogre
  1958 | D:3      | Killed an ogre
  1958 | D:3      | Reached XP level 6. HP: 47/56 MP: 5/5
  2089 | D:4      | Reached skill level 7 in Axes
  2239 | D:4      | Found a basalt altar of Yredelemnul.
  2441 | D:4      | Reached **** piety under Trog
  2445 | D:4      | Reached XP level 7. HP: 47/61 MP: 6/6
  2770 | D:4      | Reached skill level 8 in Axes
  3242 | D:5      | Entered Level 5 of the Dungeon
  3331 | D:5      | Found Vonuamm's Armour Boutique.
  3350 | D:5      | Reached skill level 5 in Armour
  3376 | D:5      | Reached skill level 9 in Axes
  3544 | D:5      | Noticed JohnSmith's ghost (novice DEFE)
  3552 | D:5      | Killed JohnSmith's ghost
  3552 | D:5      | Reached XP level 8. HP: 71/71 MP: 7/7
  3943 | D:5      | Reached skill level 10 in Axes
  4162 | D:6      | Found a staircase to the Ecumenical Temple.
  4207 | D:6      | Found Gtiech's Goods Gallery.
  4988 | D:7      | Noticed Menkaure
  4994 | D:7      | Killed Menkaure
  4994 | D:7      | Reached skill level 11 in Axes
  4994 | D:7      | Reached XP level 9. HP: 62/79 MP: 8/8
  5038 | D:7      | Found a shattered altar of Ashenzari.
  5482 | D:7      | Reached ***** piety under Trog
  5749 | D:7      | Noticed JohnSmith's ghost (novice DEFE)
  5791 | D:7      | Killed JohnSmith's ghost
  5791 | D:7      | Reached skill level 12 in Axes
  5988 | D:8      | Noticed Prince Ribbit
  5997 | D:8      | Killed Prince Ribbit
  6206 | D:8      | Found Tiodemus's General Store.
  6455 | D:8      | Noticed a red ugly thing
  6470 | D:8      | Killed a red ugly thing
  6470 | D:8      | Reached XP level 10. HP: 55/91 MP: 9/9
  6765 | D:9      | Received a gift from Trog
  6811 | D:9      | Reached skill level 13 in Axes
  6816 | D:9      | Noticed Yackwabbit's ghost (journeyman FoFi)
  6853 | D:9      | Killed Yackwabbit's ghost
  7155 | D:9      | Noticed a two-headed ogre
  7162 | D:9      | Killed a two-headed ogre
  7449 | D:9      | Reached skill level 10 in Fighting
  7504 | D:10     | Entered Level 10 of the Dungeon
  7507 | D:10     | Reached skill level 10 in Armour
  7576 | D:10     | Reached skill level 14 in Axes
  7910 | D:10     | Noticed a brown ugly thing
  7912 | D:10     | Noticed a wizard
  7912 | D:10     | Noticed a two-headed ogre
  7913 | D:10     | Noticed a gargoyle
  7919 | D:10     | Killed a brown ugly thing
  7926 | D:10     | Killed a two-headed ogre
  7926 | D:10     | Reached XP level 11. HP: 38/101 MP: 10/10
  7931 | D:10     | Killed a wizard
  8130 | D:10     | Noticed Josephine
  8136 | D:10     | Killed Josephine
  8136 | D:10     | Received a gift from Trog
  8136 | D:10     | Reached skill level 15 in Axes
  8571 | D:11     | Noticed Snorg
  8581 | D:11     | Killed Snorg
  8669 | D:11     | Noticed an eight-headed hydra
  8676 | D:11     | Killed a ten-headed hydra
  8778 | D:11     | Noticed a brown ugly thing
  8792 | D:11     | Killed a brown ugly thing
  8793 | D:11     | Reached skill level 16 in Axes
  8867 | D:11     | Found Vaulluash's Jewellery Shoppe.
  8872 | D:11     | Bought the ring "Cadug" {+Fly rPois rF+ rN++ Int-2} for 504 gold pieces
  8954 | D:11     | Noticed Urug
  8973 | D:11     | Killed Urug
  9092 | D:11     | Reached XP level 12. HP: 90/110 MP: 11/11
  9134 | D:11     | Found a staircase to the Orcish Mines.
  9155 | D:11     | Found a staircase to the Lair.
  9627 | D:12     | Found a glowing silver altar of Zin.
  9659 | D:12     | Reached skill level 17 in Axes
  9754 | D:12     | Noticed a two-headed ogre
  9761 | D:12     | Killed a two-headed ogre
  9815 | D:12     | Noticed a seven-headed hydra
  9825 | D:12     | Killed a seven-headed hydra
 10046 | D:12     | Noticed a two-headed ogre
 10052 | D:12     | Killed a two-headed ogre
 10102 | D:12     | Noticed a two-headed ogre
 10106 | D:12     | Noticed a two-headed ogre
 10107 | D:12     | Received a gift from Trog
 10114 | D:12     | Killed a two-headed ogre
 10115 | D:12     | Killed a two-headed ogre
 10484 | D:12     | Found a shimmering altar of Xom.
 10484 | D:12     | Found a deep blue altar of Sif Muna.
 10485 | D:12     | Noticed a two-headed ogre
 10486 | D:12     | Found a hazy altar of Hepliaklqana.
 10486 | D:12     | Found a shimmering altar of Xom.
 10486 | D:12     | Found a shadowy altar of Dithmenos.
 10494 | D:12     | Killed a two-headed ogre
 10709 | D:13     | Noticed a two-headed ogre
 10720 | D:13     | Killed a two-headed ogre
 10850 | D:13     | Noticed a centaur warrior
 10850 | D:13     | Noticed a tengu warrior
 10881 | D:13     | Killed a centaur warrior
 10885 | D:13     | Killed a tengu warrior
 11037 | D:13     | Reached skill level 18 in Axes
 11118 | D:13     | Reached XP level 13. HP: 122/122 MP: 12/12
 11230 | D:13     | Noticed HailEris's ghost (journeyman TeFi)
 11248 | D:13     | Killed HailEris's ghost
 12068 | D:14     | Noticed Louise
 12086 | D:14     | Killed Louise
 12104 | D:14     | Reached skill level 19 in Axes
 12257 | D:14     | Found a gate to the Vaults.
 12911 | D:15     | Entered Level 15 of the Dungeon
 12935 | D:15     | Noticed an ettin
 12943 | D:15     | Killed an ettin
 12955 | D:15     | Received a gift from Trog
 12967 | D:15     | HP: 6/125 [yaktaur/bolt (13)]
 13318 | D:15     | Found a hazy altar of Hepliaklqana.
 13364 | D:15     | Found a staircase to the Depths.
 13433 | D:15     | Reached XP level 14. HP: 112/133 MP: 13/13
 13648 | D:15     | Cast into level 2 of the Abyss (a wizard)
 13660 | Abyss:2  | Found a corrupted altar of Lugonu.
 13738 | Abyss:2  | Noticed a tentacled starspawn
 13747 | Abyss:2  | Killed a tentacled starspawn
 13764 | Abyss:2  | Gained mutation: You do not regenerate when monsters are visible. [a neqoxec]
 13767 | Abyss:2  | Killed from afar by a wretched star

Skill      XL: |  1  2  3  4  5  6  7  8  9 10 11 12 13 14 |
---------------+-------------------------------------------+-----
Fighting       | 4 5 6 7 9 10 11 13 14 | 14.6
Axes           | 4 5 6 7 9 11 12 14 16 18 19 | 19.8
Armour         | 3 4 5 6 8 10 11 12 13 14 | 14.0
Maces & Flails | |  0.8
Dodging        | |  2.4
Stealth        | |  0.5

Action                   |  1- 3 |  4- 6 |  7- 9 | 10-12 | 13-15 || total
-------------------------+-------+-------+-------+-------+-------++-------
Melee: Hand axe          |    96 |   180 |   274 |       |       ||   550
       Headbutt          |    18 |    43 |    79 |   155 |    88 ||   383
       War axe           |       |       |    57 |    99 |       ||   156
       Battleaxe         |       |       |       |   476 |   295 ||   771
       Eveningstar       |       |       |       |     7 |       ||     7
Invok: Berserk           |     1 |     1 |     6 |    12 |     5 ||    25
       Burn Spellbooks   |       |       |       |     4 |     1 ||     5
       Brothers in Arms  |       |       |       |     2 |     2 ||     4
       Trog's Hand       |       |       |       |       |     1 ||     1
  Use: Scroll            |       |       |     8 |    10 |     5 ||    23
       Potion            |       |       |       |     1 |     4 ||     5
 Stab: Distracted        |       |       |       |       |     1 ||     1
  Eat: Chunk             |     1 |     6 |    18 |    22 |    10 ||    57
       Fruit             |       |       |     1 |       |     5 ||     6
       Meat ration       |       |       |       |     1 |       ||     1
Armor: Animal skin       |     7 |       |       |       |       ||     7
       Crystal plate arm |    63 |   125 |   234 |   460 |   170 ||  1052
Dodge: Dodged            |    28 |    30 |    72 |   145 |    70 ||   345
